 Dungeon Crawl Stone Soup version 0.20-a0-850-ge5a7832 (console) character file.

97720 nht the Jinx (level 15, -1/113 HPs)
             Began as a Demonspawn Necromancer on Mar 10, 2017.
             Was the Champion of Ashenzari.
             Killed by divine providence
             ... invoked by a meliai
              (13 damage)
             ... on level 3 of the Spider Nest.
             The game lasted 01:47:59 (24393 turns).

nht the Jinx (Demonspawn Necromancer)              Turns: 24393, Time: 01:48:01

Health: -1/113     AC: 17    Str:  9    XL:     15   Next: 72%
Magic:  12/24      EV: 22    Int: 25    God:    Ashenzari [******]
Gold:   958        SH:  8    Dex: 14    Spells: 7/26 levels left

rFire    . . .     SeeInvis +   e - +3 short sword (elec) (curse)
rCold    + + .     Gourm    .   s - +2 robe {MR+} (curse)
rNeg     . . .     Faith    .   t - +2 buckler {reflect} (curse)
rPois    +         Spirit   .   I - +2 helmet {Int+3} (curse)
rElec    .         Reflect  +   G - scarf {rC+} (curse)
rCorr    .         Harm     .   i - +0 pair of gloves (curse)
MR       ++...     Clarity  +   H - +2 pair of boots (curse)
Stlth    +++++.....             n - amulet of regeneration (curse)
Regen    0.7/turn               A - +3 ring of protection (curse)
MPRegen  0.2/turn               V - ring of poison resistance

@: about to teleport, very slightly contaminated
A: claws 2, thin metallic scales 2, cold resistance 1, powered by death 2,
freezing cloud immunity
a: Curse Item, Scrying, Transfer Knowledge, Renounce Religion


You were on level 3 of the Spider Nest.
You worshipped Ashenzari.
Ashenzari was exalted by your worship.
You were not hungry.

You visited 5 branches of the dungeon, and saw 27 of its levels.
You also visited: Sewer.

You collected 2410 gold pieces.
You spent 1452 gold pieces at shops.

Inventory:

Hand Weapons
 e - a cursed +3 short sword of electrocution (weapon)
 K - a +0 vampiric great sword
Missiles
 y - 68 stones (quivered)
Armour
 i - a cursed +0 pair of gloves (worn)
 s - a cursed +2 robe of magic resistance (worn)
 t - a cursed +2 buckler of reflection (worn)
 G - a cursed scarf of cold resistance (worn)
 H - a cursed +2 pair of boots (worn)
 I - a cursed +2 helmet of intelligence (worn)
 U - +0 fire dragon scales
Magical Staves
 b - an uncursed staff of air
Jewellery
 n - a cursed amulet of regeneration (around neck)
 A - a cursed +3 ring of protection (right hand)
 V - a ring of poison resistance (left hand)
 X - an uncursed ring of resist corrosion
Wands
 p - a wand of disintegration (5/24)
 S - a wand of digging (15/24)
Scrolls
 a - 2 scrolls of immolation
 d - 3 scrolls of enchant weapon
 l - 16 scrolls of teleportation
 q - 6 scrolls of fog
 C - 2 scrolls of blinking
 F - a scroll of recharging
 L - 8 scrolls of identify
 O - 4 scrolls of enchant armour
 P - 2 scrolls of vulnerability
 R - 3 scrolls of magic mapping
 W - 3 scrolls of fear
 Y - 7 scrolls of remove curse
 Z - 2 scrolls of amnesia
Potions
 g - 8 potions of curing
 j - 3 potions of brilliance
 o - 3 potions of mutation
 u - 7 potions of ambrosia
 x - 5 potions of heal wounds
 z - 3 potions of might
 E - a potion of cancellation
 J - 5 potions of flight
 M - 2 potions of haste
 N - 3 potions of magic
 T - 3 potions of lignification
Books
 m - a book of Geomancy

   Spells                             Type                      Level
   a - Sandblast                      Earth                        1
   b - Passwall                       Transmutation/Earth          2
   c - Stone Arrow                    Conjuration/Earth            3
   d - Petrify                        Transmutation/Earth          4
   e - Lee's Rapid Deconstruction     Earth                        5
 r - a book of Transfigurations

   Spells                             Type                      Level
   a - Irradiate                      Conjuration/Transmutation    5
   b - Statue Form                    Transmutation/Earth          6
   c - Hydra Form                     Transmutation                6
   d - Dragon Form                    Transmutation                7
 v - a book of Misfortune

   Spells                             Type                      Level
   a - Confusing Touch                Hexes                        1
   b - Confuse                        Hexes                        3
   c - Gell's Gravitas                Translocation                3
   d - Petrify                        Transmutation/Earth          4
   e - Metabolic Englaciation         Hexes/Ice                    5
   f - Yara's Violent Unravelling     Hexes/Transmutation          5
 w - a book of Burglary

   Spells                             Type                      Level
   a - Swiftness                      Charms/Air                   2
   b - Passwall                       Transmutation/Earth          2
   c - Passage of Golubria            Translocation                4
   d - Lee's Rapid Deconstruction     Earth                        5
   e - Darkness                       Hexes                        6
   f - Invisibility                   Hexes                        6
 B - a book of Maledictions

   Spells                             Type                      Level
   a - Corona                         Hexes                        1
   b - Ensorcelled Hibernation        Hexes/Ice                    2
   c - Confuse                        Hexes                        3
   d - Tukima's Dance                 Hexes                        3
   e - Dazzling Spray                 Conjuration/Hexes            3
 Q - a book of the Earth

   Spells                             Type                      Level
   a - Leda's Liquefaction            Hexes/Earth                  4
   b - Bolt of Magma                  Conjuration/Fire/Earth       5
   c - Statue Form                    Transmutation/Earth          6
   d - Iron Shot                      Conjuration/Earth            6
   e - Shatter                        Earth                        9
Comestibles
 c - 22 bread rations
 f - 5 meat rations
 k - 11 royal jellies


   Skills:
 - Level 9.3 Fighting
 - Level 10.0(14.2) Short Blades
 - Level 10.3(14.5) Dodging
 + Level 6.7(11.2) Stealth
 - Level 7.2(10.3) Shields
 - Level 6.2 Spellcasting
 - Level 12.3(15.0) Hexes
 - Level 9.4(12.2) Necromancy
 + Level 11.7(14.4) Earth Magic


You had 7 spell levels left.
You knew the following spells:

 Your Spells              Type           Power        Failure   Level  Hunger
a - Pain                  Necr           ####         1%          1    None
b - Animate Dead          Necr           N/A          1%          4    ###....
c - Sandblast             Erth           ######       1%          1    None
d - Lee's Rapid Deconstr  Erth           ######....   1%          5    #####..
e - Ensorcelled Hibernat  Hex/Ice        #####.       1%          2    None
f - Invisibility          Hex            ######..     2%          6    ######.


Dungeon Overview and Level Annotations

Branches:
Dungeon (15/15)            Temple (1/1) D:6            Lair (6/6) D:9
 Shoals (0/4) Lair:4       Spider (3/4) Lair:2        Slime (0/5) Lair:5
    Orc (2/2) D:12            Elf (0/3) Orc:2        Vaults (0/5) D:14
 Depths (0/5) D:15

Altars:
Ashenzari
Cheibriados
Dithmenos
Elyvilon
Fedhas
Gozag
Hepliaklqana
Kikubaaqudgha
Makhleb
Nemelex Xobeh
Okawaru
Qazlal
Ru
Sif Muna
Trog
Uskayaw
Vehumet
Wu Jian
Xom
Yredelemnul
Zin
The Shining One
Beogh

Shops:
D:6 [   Orc:2 (:((

Annotations:
D:7 fly


Innate Abilities, Weirdness & Mutations

You have very sharp fingernails.
You are mostly covered in thin metallic scales. (AC +3)
Your flesh is cold resistant. (rC+)
You regenerate health from kills.
You are immune to freezing clouds.


Message History

The meliai calls down the wrath of its god upon you.
Something smites you!
* * * LOW HITPOINT WARNING * * *
The wolf spider hisses angrily.
The meliai buzzes angrily. x2
The meliai invokes the aid of its god against you.
Something smites you!
* * * LOW HITPOINT WARNING * * *
The meliai invokes the aid of its god against you.
Something smites you!
* * * LOW HITPOINT WARNING * * *
The jumping spider leaps!
The meliai misses you. You block the meliai's attack.
A redback comes into view.
You feel much better.
The jumping spider leaps!
You block the meliai's attack. The meliai barely misses you.
The jumping spider leaps!
The meliai calls down the wrath of its god upon you.
Something smites you!
* * * LOW HITPOINT WARNING * * *
The meliai calls down the wrath of its god upon you.
Something smites you!
You die...

, , ,(.█..█...██*█?.........█..
,**,{{..s§.ss!.███...^.^....█.Z
, **
ss..ss█.....████████.██.... ,
,,, {<.§.sy..s..█ ██*███.. ,,,,
, ,........█ █..█ ,,, ,*
,███[.s..█ ** ** █..█ , ,* *
█...§.s.█ * ,, * ██.. , ,
,,.....██.y██ * ,, * *█... , ,,
... ,*█.y@█ , , *, *██.. , .
^.......█,,,, ,,, , ███ ,*,,
,,,.█....... ,,,, , * █ * ,,
,.......... *,, ,, ,
,,^█.█........ ,,,**, * ,, ,
███...█.....,,{*,,, *,,* , ,
█^..█.....█** ,, ** ,
,,,{█...██....█ , * , {, ** ,,*
* ,


You could see 2 wolf spiders, a hornet (wandering), 2 jumping spiders, 5
redbacks and 2 meliai.

Vanquished Creatures
  2 emperor scorpions (Spider:1)
  An entropy weaver (Spider:1)
  A dire elephant (D:15)
  The ghost of Shenda the Destroyer, a journeyman DrCj of Yredelemnul (D:14)
  Snorg (Lair:6)
  9 hydras
  A rakshasa (D:12)
  A death knight (D:15)
  A centaur warrior (D:13)
  9 two-headed ogres
  3 death yaks (Lair:3)
  7 orc high priests (Orc:2)
  A fire crab (shapeshifter) (D:14)
  A shadow wraith (D:14)
  A skeletal warrior (D:15)
  An unseen horror (D:14)
  A harpy (shapeshifter) (D:14)
  A phantasmal warrior (D:15)
  6 orb spiders
  10 ugly things
  A deep elf mage (D:14)
  2 manticores (D:15)
  8 wolf spiders
  A salamander (D:15)
  A wolf spider zombie (D:15)
  3 slime creatures
  2 cyclopes
  4 elephants
  4 black mambas
  Maurice (D:9)
  2 merfolk sirens (Lair:4)
  Joseph (D:10)
  Psyche (D:9)
  A gargoyle (D:13)
  The ghost of Yehuk the Covered, a novice DsFi (D:5)
  8 spiny frogs
  A freezing wraith (D:15)
  An efreet (D:15)
  6 komodo dragons
  4 demonic crawlers
  A rime drake (Lair:6)
  A tengu conjurer (D:15)
  8 trolls
  11 jumping spiders
  2 merfolk (Lair:4)
  4 hornets
  Grinder (D:5)
  3 polar bears (Lair:6)
  A blink frog (shapeshifter) (D:14)
  6 blink frogs
  7 hippogriffs
  2 dream sheep (Lair:6)
  38 redbacks
  A shadow (D:14)
  8 tarantellas
  2 wyverns
  Sigmund (D:5)
  A vampire (D:9)
  3 wraiths
  21 yaks
  10 spriggans
  2 basilisks (Lair:6)
  A steam dragon (D:8)
  6 wargs
  4 vampire mosquitoes
  2 acid dragons
  Purgy (Sewer)
  16 water moccasins
  8 porcupines
  Duvessa (D:4)
  13 orc warriors
  3 ice beasts
  2 sky beasts
  A necrophage (D:6)
  A phantom (D:5)
  6 ogres
  19 wolves
  An eye of draining (D:15)
  6 boggarts
  5 black bears
  10 crocodiles
  6 centaurs
  14 bullfrogs
  Dowan (D:4)
  A scorpion (D:11)
  14 killer bees
  7 howler monkeys
  5 wights (D:15)
  3 electric eels
  2 quasits
  A bullfrog zombie (D:13)
  6 crimson imps
  A centaur zombie (D:7)
  8 hounds
  5 centaur skeletons
  38 orc priests
  Crazy Yiuf (D:5)
  A bullfrog skeleton (D:11)
  6 jellies
  Ijyb (D:3)
  9 iguanas
  4 worker ants
  20 orc wizards
  A hound zombie (D:3)
  2 worker ant zombies (D:7)
  12 gnolls
  Robin (D:4)
  13 adders
  5 shadow imps
  2 oozes (Lair:5)
  5 worms
  2 dart slugs
  7 leopard geckos
  108 orcs
  4 giant cockroaches
  19 goblins
  7 hobgoblins
  16 jackals
  A quokka (D:2)
  5 ball pythons
  17 bats
  14 frilled lizards
  9 kobolds
  A leopard gecko zombie (D:6)
  2 quokka skeletons
  11 rats
  A fungus (Lair:4)
771 creatures vanquished.

Vanquished Creatures (collateral kills)
  A hydra (Lair:1)
  3 orb spiders (Spider:1)
  5 wolf spiders
  5 ugly things (D:15)
  A slime creature (D:12)
  2 elephants (Lair:6)
  A moth of wrath (Spider:2)
  2 spiny frogs
  A rime drake (Lair:2)
  3 demonic crawlers
  3 jumping spiders
  3 hornets
  A blink frog (Lair:4)
  2 dream sheep (Lair:6)
  13 redbacks
  3 spriggans (Lair:6)
  A basilisk (Lair:1)
  A tarantella (Spider:1)
  A vampire mosquito (D:10)
  2 yaks (Lair:4)
  A water moccasin (Lair:1)
  A black bear (D:10)
  5 wolves (Lair:6)
  2 ice beasts
  A boggart (Lair:6)
  An ogre (D:10)
  2 crocodiles
  2 bullfrogs
  3 killer bees (D:10)
  A hound (D:7)
  2 orc priests
  2 orc wizards
  11 orcs
  6 fungi
94 creatures vanquished.

Vanquished Creatures (others)
  2 wolves (Lair:5)
  2 killer bees (D:9)
  3 orc wizards
  3 orcs
  7 fungi (Lair:6)
  8 plants
25 creatures vanquished.

Grand Total: 890 creatures vanquished

Notes
Turn   | Place    | Note
-------+----------+-------------------------------------------
     0 | D:1      | nht the Demonspawn Necromancer began the quest for the Orb.
     0 | D:1      | Reached XP level 1. HP: 13/13 MP: 3/3
   386 | D:1      | Gained mutation: You regenerate a little health from kills. [demonic ancestry]
   386 | D:1      | Reached XP level 2. HP: 9/19 MP: 0/5
   608 | D:1      | Reached skill level 1 in Short Blades
   710 | D:1      | Gained mutation: You are partially covered in thin metallic scales. (AC +2) [demonic ancestry]
   710 | D:1      | Reached XP level 3. HP: 6/24 MP: 0/6
  1643 | D:2      | Gained mutation: You are mostly covered in thin metallic scales. (AC +3) [demonic ancestry]
  1643 | D:2      | Reached XP level 4. HP: 16/30 MP: 1/7
  2288 | D:3      | Noticed Ijyb
  2295 | D:3      | Killed Ijyb
  2295 | D:3      | Reached XP level 5. HP: 27/35 MP: 1/8
  2735 | D:4      | Reached skill level 5 in Short Blades
  2735 | D:4      | Gained mutation: You regenerate health from kills. [demonic ancestry]
  2735 | D:4      | Reached XP level 6. HP: 34/41 MP: 7/9
  2743 | D:4      | Noticed Duvessa
  2760 | D:4      | Killed Duvessa
  2761 | D:4      | Noticed Dowan
  3147 | D:4      | Found an opulent altar of Gozag.
  3212 | D:4      | Killed Dowan
  3343 | D:4      | Noticed Robin
  3353 | D:4      | Killed Robin
  3363 | D:4      | Reached XP level 7. HP: 46/46 MP: 10/10
  3766 | D:5      | Entered Level 5 of the Dungeon
  3890 | D:5      | Found a runed door.
  3947 | D:5      | Noticed Sigmund
  3950 | D:5      | Noticed Yehuk's ghost (novice DsFi)
  3997 | D:6      | Found Iryush's Antique Armour Shoppe.
  4009 | D:6      | Bought a glowing scarf for 168 gold pieces
  4276 | D:6      | Gained mutation: You have sharp fingernails. [demonic ancestry]
  4276 | D:6      | Reached XP level 8. HP: 52/52 MP: 6/11
  4517 | D:6      | Found a glowing drain.
  4542 | Sewer    | Entered a sewer
  4613 | Sewer    | Learned a level 1 spell: Animate Skeleton
  4624 | Sewer    | Noticed Purgy
  4630 | Sewer    | Killed Purgy
  4790 | D:6      | Found a staircase to the Ecumenical Temple.
  4811 | Temple   | Entered the Ecumenical Temple
  5057 | Temple   | Became a worshipper of Ashenzari the Shackled
  5140 | D:6      | Bought an embroidered robe for 77 gold pieces
  5161 | D:7      | Noticed a hippogriff
  5171 | D:7      | Killed a hippogriff
  5171 | D:7      | Reached skill level 10 in Short Blades
  5237 | D:7      | Reached skill level 5 in Necromancy
  5403 | D:7      | Gained mutation: You have very sharp fingernails. [demonic ancestry]
  5403 | D:7      | Reached XP level 9. HP: 57/57 MP: 7/12
  5579 | D:7      | Reached * piety under Ashenzari
  6023 | D:8      | Reached skill level 1 in Fighting
  6189 | D:8      | Found an iron altar of Okawaru.
  6524 | D:9      | Noticed Maurice
  6558 | D:9      | Killed Maurice
  6631 | D:9      | Reached skill level 5 in Dodging
  6761 | D:9      | Noticed Psyche
  6802 | D:9      | Found a staircase to the Lair.
  6932 | D:9      | Killed Psyche
  6932 | D:9      | Reached XP level 10. HP: 70/73 MP: 4/13
  6960 | D:9      | Reached ** piety under Ashenzari
  7348 | D:6      | Bought a shiny helmet for 157 gold pieces
  7430 | D:5      | Found a burning altar of Makhleb.
  7459 | D:5      | Noticed Grinder
  7479 | D:5      | Killed Grinder
  7479 | D:5      | Reached skill level 5 in Fighting
  7530 | D:5      | Killed Yehuk's ghost
  7598 | D:5      | Killed Sigmund
  7791 | D:5      | Learned a level 4 spell: Animate Dead
  8177 | D:5      | Noticed Crazy Yiuf
  8180 | D:5      | Killed Crazy Yiuf
  8488 | Lair:1   | Entered Level 1 of the Lair of Beasts
  8510 | Lair:1   | Learned a level 1 spell: Sandblast
  8722 | Lair:1   | Noticed a spiny frog
  8734 | Lair:1   | Killed a spiny frog
  8745 | Lair:1   | Reached *** piety under Ashenzari
  8852 | Lair:1   | Reached skill level 1 in Earth Magic
  8901 | Lair:1   | Noticed a five-headed hydra
  8967 | Lair:1   | Noticed a spiny frog
  8974 | Lair:1   | Killed a spiny frog
  9494 | Lair:1   | Killed a five-headed hydra
  9494 | Lair:1   | Reached XP level 11. HP: 83/83 MP: 6/14
  9571 | Lair:2   | Noticed a four-headed hydra
  9573 | Lair:2   | Noticed an eight-headed hydra
  9586 | Lair:1   | Killed a four-headed hydra
  9706 | Lair:2   | Killed an eight-headed hydra
  9933 | Lair:2   | Noticed a six-headed hydra
  9958 | Lair:3   | Reached skill level 5 in Earth Magic
 10045 | Lair:3   | Reached **** piety under Ashenzari
 10212 | Lair:3   | Reached skill level 1 in Shields
 10260 | Lair:3   | Noticed a death yak
 10260 | Lair:3   | Noticed a death yak
 10283 | Lair:3   | Noticed a death yak
 10290 | Lair:3   | Killed a death yak
 10312 | Lair:3   | Killed a death yak
 10334 | Lair:3   | Killed a death yak
 10743 | Lair:2   | Killed a six-headed hydra
 10788 | Lair:2   | Found a hole to the Spider Nest.
 10799 | Lair:2   | Learned a level 5 spell: Lee's Rapid Deconstruction
 10897 | Lair:2   | Noticed a six-headed hydra
 10908 | Lair:2   | Killed a six-headed hydra
 11273 | Lair:4   | Reached XP level 12. HP: 91/91 MP: 7/15
 11380 | Lair:4   | Found a staircase to the Shoals.
 12258 | Lair:5   | Reached ***** piety under Ashenzari
 12332 | Lair:5   | Found a staircase to the Slime Pits.
 12643 | Lair:6   | Entered Level 6 of the Lair of Beasts
 12653 | Lair:5   | Reached skill level 10 in Earth Magic
 12674 | Lair:6   | Noticed a five-headed hydra
 13061 | Lair:6   | Noticed Snorg
 13073 | Lair:6   | Killed Snorg
 13255 | Lair:6   | Reached skill level 5 in Shields
 13255 | Lair:6   | Gained mutation: Your flesh is cold resistant. (rC+) [demonic ancestry]
 13255 | Lair:6   | Reached XP level 13. HP: 96/98 MP: 3/18
 15181 | D:10     | Entered Level 10 of the Dungeon
 15236 | D:10     | Noticed Joseph
 15261 | D:10     | Killed Joseph
 15996 | D:11     | Reached skill level 5 in Spellcasting
 16696 | D:12     | Found a staircase to the Orcish Mines.
 16700 | D:12     | Reached skill level 10 in Dodging
 16934 | D:12     | Identified the cursed +0 ring mail of the Ten Ghosts {rElec rPois rCorr}
 17117 | D:12     | Found a shimmering altar of Xom.
 17121 | D:12     | Found a shimmering altar of Xom.
 17122 | D:12     | Found a shimmering altar of Xom.
 17122 | D:12     | Found a shimmering altar of Xom.
 17124 | D:12     | Found a shimmering altar of Xom.
 17126 | D:12     | Found a shimmering altar of Xom.
 17224 | Orc:1    | Entered Level 1 of the Orcish Mines
 17305 | Orc:1    | Found a bloodstained altar of Trog.
 17315 | Orc:1    | Found a roughly hewn altar of Beogh.
 17392 | Orc:1    | Reached ****** piety under Ashenzari
 17652 | Orc:2    | Entered Level 2 of the Orcish Mines
 17652 | Orc:2    | Found a staircase to the Elven Halls.
 18240 | Orc:2    | Reached XP level 14. HP: 106/108 MP: 17/22
 18299 | Orc:2    | Found Vor Fuucw's Weapon Boutique.
 18299 | Orc:2    | Found Ocokuuro's Weapon Emporium.
 18758 | Orc:2    | Found Peisuapral's Weapon Boutique.
 18758 | Orc:2    | Found Jauhupti's Book Emporium.
 18796 | Orc:2    | Found a roughly hewn altar of Beogh.
 18920 | Orc:2    | Bought a book of Burglary for 1050 gold pieces
 18923 | Orc:2    | Learned a level 2 spell: Ensorcelled Hibernation
 18930 | Orc:2    | Learned a level 6 spell: Invisibility
 19142 | D:13     | Reached skill level 1 in Hexes
 19185 | D:13     | Reached skill level 2 in Hexes
 19326 | D:13     | Reached skill level 3 in Hexes
 19632 | D:14     | Reached skill level 4 in Hexes
 19721 | D:14     | Reached skill level 5 in Hexes
 19769 | D:14     | Found a gate to the Vaults.
 19840 | D:14     | Reached skill level 6 in Hexes
 20132 | D:14     | Noticed Shenda's ghost (journeyman DrCj)
 20175 | D:14     | Killed Shenda's ghost
 20175 | D:14     | Reached skill level 7 in Hexes
 20600 | D:15     | Entered Level 15 of the Dungeon
 20628 | D:15     | Reached skill level 8 in Hexes
 20718 | D:15     | Reached skill level 9 in Hexes
 21070 | D:15     | Found a white marble altar of Elyvilon.
 21105 | D:15     | Reached skill level 10 in Hexes
 21225 | D:15     | Found a staircase to the Depths.
 21340 | D:15     | Gained mutation: You are immune to freezing clouds. [demonic ancestry]
 21340 | D:15     | Reached XP level 15. HP: 52/113 MP: 16/24
 21960 | Spider:1 | Entered Level 1 of the Spider Nest
 21994 | Spider:1 | Reached skill level 11 in Hexes
 22887 | Spider:2 | Reached skill level 5 in Stealth
 22933 | Spider:2 | Reached skill level 12 in Hexes
 24383 | Spider:3 | HP: 5/113 [spark wasp (17)]
 24392 | Spider:3 | HP: 3/113 [meliai/divine providence (12)]
 24393 | Spider:3 | Killed from afar by a meliai

Vault maps used:
D:1:      tarquinn_simple_flora_water_d, minmay_tromino_v2
D:3:      uniq_iyjb
D:4:      st_stairs_8, eino_tiny_chamber,
          nicolae_gozag_cash_rules_everything_around_me, uniq_duvessa,
          uniq_robin
D:5:      first_bread, makhleb_heckhound_becter, uniq_grinder,
          uniq_crazy_yiuf_cottage, uniq_sigmund
D:6:      minmay_opposing_rooms, minmay_temple_entry_hall, portal_sewer_entry_b,
          serial_shops, nicolae_shop_overgrown_old_shop
D:7:      hangedman_glass_teeth, the_bakery, water_maze_lemuel
D:8:      nicolae_overflow_hidden_temple, kennysheep_generic_room_11
D:9:      lair_entry_dummy, uniq_maurice, uniq_psyche
D:10:     eino_jars, uniq_joseph
D:12:     erik_orc_4, xom_shifter_show
D:13:     hangedman_abyss_or_decor_lesser_grid, fountainhead
D:14:     david_vaults_4, infiniplex_staircase_river
D:15:     hangedman_depths_entry_try_elsewhere_first, elyvilon_altar_1
Temple:   nicolae_temple_the_god_donut
Lair:1:   st_stairs_13
Lair:2:   spider_nest_entry_web_field, grunt_megastairs_4, serial_bayou_shore_a
Lair:3:   roderic_batcave
Lair:4:   elwin_shoals_entry_stream, lemuel_fruit_fields
Lair:5:   nicolae_slime_entry_slimehenge
Lair:6:   minmay_lair_end_enchanted_forest, uniq_snorg
Spider:3: uniq_asterion
Orc:1:    basic_altar, bloody_trog
Orc:2:    st_orc_town
Sewer:    sewer_co_purgy_island

Skill      XL: |  1  2  3  4  5  6  7  8  9 10 11 12 13 14 15 |
---------------+----------------------------------------------+-----
Short Blades   | 2 4 5 6 8 10 | 10.0
Dodging        | 2 5 7 9 10 | 10.3
Necromancy     | 5 8 9 |  9.4
Fighting       | 4 6 7 9 |  9.3
Earth Magic    | 2 8 10 11 | 11.7
Shields        | 4 5 6 7 |  7.2
Spellcasting   | 3 5 6 |  6.2
Hexes          | 10 12 | 12.3
Stealth        | 6 |  6.7

Action                   |  1- 3 |  4- 6 |  7- 9 | 10-12 | 13-15 || total
-------------------------+-------+-------+-------+-------+-------++-------
Melee: Unarmed           |    23 |       |       |       |       ||    23
       Short sword       |    64 |   112 |   299 |   439 |  1258 ||  2172
 Cast: Pain              |    35 |    87 |    97 |   153 |    45 ||   417
       Animate Skeleton  |       |       |    16 |     6 |       ||    22
       Animate Dead      |       |       |       |    35 |    78 ||   113
       Sandblast         |       |       |       |   141 |   395 ||   536
       Lee's Rapid Decon |       |       |       |       |    11 ||    11
       Invisibility      |       |       |       |       |    16 ||    16
       Ensorcelled Hiber |       |       |       |       |     3 ||     3
Invok: Curse Item        |       |       |     6 |     1 |     2 ||     9
Evoke: Wand              |       |     2 |    49 |    28 |     7 ||    86
  Use: Potion            |     1 |       |     2 |     2 |     4 ||     9
       Scroll            |       |    14 |     7 |     7 |    10 ||    38
 Stab: Sleeping          |     2 |     1 |       |     4 |    29 ||    36
       Confused          |       |       |     3 |     3 |       ||     6
       Distracted        |       |       |       |     1 |    11 ||    12
       Paralysed         |       |       |       |     1 |       ||     1
       Invisible         |       |       |       |       |    82 ||    82
  Eat: Chunk             |     3 |     7 |    12 |    17 |    35 ||    74
       Meat ration       |       |       |       |     2 |     1 ||     3
       Fruit             |       |       |       |       |    14 ||    14
       Bread ration      |       |       |       |       |     1 ||     1
Armor: Robe              |    29 |    33 |    95 |    86 |   210 ||   453
       Skin              |       |       |       |    64 |     1 ||    65
Dodge: Dodged            |    78 |    58 |   138 |   230 |   843 ||  1347
Block: Buckler           |       |       |    12 |    96 |   416 ||   524
       Reflection        |       |       |       |       |    14 ||    14
